AoeStats
← PatriceTheFather

Arena

505113898Analyzed
4v4 RM · 24d ago on Sep 7, 2026· 52m 21s· 8 players
Game mode
Random Map
Map size
Large (8 player)
Population
200
Speed
Normal
Resources
Standard
Victory
Conquest
Starting age
Dark Age
Ending age
Imperial Age
RankedLock teamsTeams togetherTeam positionsShared explorationLock speedFull tech treeHidden civsTurbo modeCheats
Victory
Defeat
🇵🇪 Cumans · Peru
938
+13
🇨🇴 Bohemians · Colombia
909
+15
🇩🇪 Hindustanis · Germany
874
+16
🇦🇷 Byzantines · Argentina
848
+17
🇪🇸 Vietnamese · Spain
946
-18
🇺🇸 Georgians · United States
920
-38
🇬🇧 Vikings · United Kingdom
830
-13
🇬🇧 Britons · United Kingdom
812
-13
Wolf-Salomon
11:24 Feudal Age
12:41 Wheelbarrow
11:54 Double-Bit Axe
12:09 Horse Collar
14:10 Loom
21:27 Castle Age
20:36 Gold Mining
20:37 Stone Mining
22:25 Hand Cart
22:34 Bow Saw
22:46 Husbandry
23:23 Fletching
24:41 Heavy Plow
29:12 Stone Shaft Mining
34:45 Imperial Age
31:55 Pikeman
32:59 Forging
33:42 Gold Shaft Mining
33:41 Squires
33:50 Treadmill Crane
34:36 Scale Barding Armor
34:21 Arson
36:13 Iron Casting
36:47 Conscription
37:09 Crop Rotation
37:41 Two-Man Saw
37:47 Chain Barding Armor
38:18 Logistica
38:48 Caravan
39:53 Plate Barding Armor
39:18 Scale Mail Armor
40:23 Chemistry
40:00 Bodkin Arrow
41:01 Coinage
40:41 Guilds
41:51 Chain Mail Armor
40:58 Halberdier
42:12 Banking
42:29 Bracer
43:15 Elite Cataphract
45:43 Ballistics
51:08 Plate Mail Armor
TheCris
8:23 Loom
10:20 Feudal Age
16:57 Castle Age
21:50 Fletching
31:33 Wheelbarrow
31:23 Horse Collar
32:19 Double-Bit Axe
36:16 Imperial Age
35:04 Chemistry
34:49 Wagenburg Tactics
35:26 Hand Cart
35:34 Bow Saw
35:26 Heavy Plow
35:16 Town Watch
36:09 Town Patrol
36:14 Caravan
36:49 Coinage
38:21 Siege Engineers
39:07 Padded Archer Armor
38:37 Houfnice
39:11 Treadmill Crane
41:40 Conscription
41:51 Murder Holes
42:39 Pikeman
44:10 Forging
44:00 Scale Mail Armor
45:03 Banking
44:04 Halberdier
45:34 Iron Casting
45:04 Squires
46:18 Chain Mail Armor
Wololo
12:15 Feudal Age
13:45 Double-Bit Axe
16:58 Man-at-Arms
18:07 Gold Mining
19:43 Horse Collar
21:47 Scale Mail Armor
26:24 Castle Age
25:18 Forging
26:33 Capped Ram
26:37 Long Swordsman
28:37 Chain Mail Armor
30:24 Gold Shaft Mining
29:41 Stone Mining
29:52 Heavy Plow
33:46 Pikeman
34:26 Squires
35:47 Bow Saw
36:01 Murder Holes
36:26 Ballistics
37:40 Wheelbarrow
36:54 Town Watch
39:15 Hand Cart
42:11 Imperial Age
44:50 Halberdier
44:50 Two-Handed Swordsman
46:29 Crop Rotation
47:02 Two-Man Saw
47:02 Plate Mail Armor
47:07 Iron Casting
47:15 Champion
47:45 Siege Ram
Jimmy Levy (GEO)
12:10 Feudal Age
15:40 Castle Age
13:40 Double-Bit Axe
14:35 Horse Collar
21:35 Loom
22:32 Heavy Plow
26:38 Wheelbarrow
25:49 Town Watch
26:30 Bow Saw
30:23 Imperial Age
28:39 Hand Cart
28:59 Gold Mining
29:02 Stone Mining
30:11 Ballistics
30:03 Fortified Wall
32:30 Chemistry
31:36 Siege Engineers
32:43 Two-Man Saw
32:15 Fletching
32:26 Padded Archer Armor
32:36 Caravan
33:43 Gold Shaft Mining
34:33 Coinage
34:38 Bodkin Arrow
35:00 Leather Archer Armor
35:09 Scale Mail Armor
35:54 Grand Trunk Road
37:42 Ring Archer Armor
38:02 Banking
37:35 Shatagni
37:56 Conscription
38:11 Forging
39:11 Chain Mail Armor
38:56 Bracer
40:39 Hoardings
40:22 Pikeman
41:03 Squires
40:48 Arson
42:16 Iron Casting
41:46 Scale Barding Armor
42:33 Masonry
44:16 Blast Furnace
45:17 Chain Barding Armor
45:29 Husbandry
45:40 Bloodlines
44:51 Light Cavalry
48:39 Stone Shaft Mining
47:34 Heavy Camel Rider
47:35 Hussar
50:59 Plate Barding Armor
50:59 Imperial Camel Rider
PatriceTheFather
9:31 Loom
11:17 Feudal Age
15:55 Castle Age
16:42 Double-Bit Axe
16:50 Gold Mining
18:14 Bow Saw
20:09 Horse Collar
36:37 Scale Barding Armor
36:24 Fletching
36:51 Bloodlines
44:44 Husbandry
45:26 Masonry
46:15 Stone Mining
47:17 Wheelbarrow
egozalor
8:58 Loom
11:31 Feudal Age
16:27 Castle Age
16:43 Fletching
16:44 Crossbowman
18:26 Padded Archer Armor
20:13 Double-Bit Axe
25:53 Wheelbarrow
27:00 Horse Collar
31:43 Heavy Plow
32:26 Town Watch
32:53 Bow Saw
33:03 Forging
36:30 Imperial Age
34:11 Stone Mining
34:43 Bloodlines
34:42 Scale Barding Armor
35:55 Husbandry
36:34 Iron Casting
36:20 Chain Barding Armor
35:57 Bodkin Arrow
36:27 Ballistics
36:32 Onager
38:47 Two-Man Saw
38:42 Chatras
39:03 Paper Money
38:30 Elite Battle Elephant
39:32 Treadmill Crane
40:55 Chemistry
42:55 Leather Archer Armor
42:41 Bracer
43:17 Plate Barding Armor
43:27 Elite Rattan Archer
46:08 Two-Man Saw
46:27 Elite Skirmisher
aTastyLunch
5:30 Loom
11:26 Feudal Age
11:53 Horse Collar
12:01 Double-Bit Axe
18:23 Castle Age
19:13 Pikeman
19:28 Pikeman
20:13 Scale Mail Armor
20:25 Forging
21:07 Heavy Plow
21:25 Bow Saw
22:24 Squires
23:21 Man-at-Arms
24:05 Gold Mining
24:54 Iron Casting
24:23 Arson
25:42 Chain Mail Armor
26:03 Ballistics
27:32 Fletching
28:43 Chieftains
30:18 Gold Shaft Mining
30:03 Treadmill Crane
32:56 Imperial Age
31:01 Murder Holes
34:40 Plate Mail Armor
34:59 Conscription
35:53 Blast Furnace
35:20 Elite Berserk
36:38 Town Watch
41:16 Cavalier
43:12 Scale Barding Armor
45:06 Chain Barding Armor
45:59 Crop Rotation
46:55 Elite Skirmisher
Greggs Floyde
10:55 Feudal Age
11:36 Double-Bit Axe
11:35 Horse Collar
20:08 Castle Age
18:34 Gold Mining
24:03 Crossbowman
29:27 Heavy Plow
34:16 Imperial Age
32:17 Bow Saw
32:50 Gold Shaft Mining
32:06 Stone Mining
32:19 Stone Mining
37:17 Ballistics
38:01 Scale Mail Armor
37:57 Fletching
38:23 Forging
38:16 Padded Archer Armor
40:13 Wheelbarrow
39:54 Murder Holes
40:10 Siege Engineers
40:47 Elite Longbowman
44:57 Hand Cart
45:11 Yeomen
44:54 Warwolf
47:19 Bodkin Arrow
48:02 Iron Casting
47:45 Chain Mail Armor
47:47 Leather Archer Armor
Connection lost

Rejoining the realm…

Still unreachable

The connection could not be restored.

Session expired

The server has moved on; the page needs a fresh start.